TOP OF THE 1ST |
Victoria Capitals batting - Pitching for Amarillo ThunderHeads : LHP Michael Colin
|
Pitching: LHP Michael Colin
|
|
Batting: RHB Antonio Oyola
|
0-0: Swinging Strike 0-1: Called Strike 0-2: Ball 1-2: Foul Ball, location: 2F 1-2: Ball 2-2: Ball 3-2: Strikes out swinging
|
Batting: RHB Tze-meng Li
|
0-0: Swinging Strike 0-1: Ball 1-1: Foul Ball, location: 2F 1-2: Ground out 5-3 (Groundball, 56, EV 99.4 MPH)
|
Batting: RHB Jwahir Pili
|
0-0: Ball 1-0: Called Strike 1-1: Swinging Strike 1-2: Strikes out swinging
|
Top of the 1st over - 0 runs, 0 hits, 0 errors, 0 left on base; Victoria 0 - Amarillo 0 |
BOTTOM OF THE 1ST |
Amarillo ThunderHeads batting - Pitching for Victoria Capitals : RHP Manny Ojeda
|
Pitching: RHP Manny Ojeda
|
|
Batting: RHB Sam Voss
|
0-0: Called Strike 0-1: SOLO HOME RUN (Flyball, 78XD, EV 104.4 MPH), Distance : 399 ft
|
Batting: RHB Bill Flannery
|
0-0: Called Strike 0-1: Called Strike 0-2: Fly out, F7 (Flyball, 7LM, EV 85.0 MPH)
|
Batting: RHB Eric Camillo
|
0-0: Swinging Strike 0-1: Called Strike 0-2: Ball 1-2: Strikes out swinging, 2-3 out at first.
|
Batting: RHB Josh Shoemaker
|
0-0: Ground out 6-3 (Groundball, 6, EV 103.8 MPH)
|
Bottom of the 1st over - 1 run, 1 hit, 0 errors, 0 left on base; Victoria 0 - Amarillo 1 |
TOP OF THE 2ND |
Victoria Capitals batting - Pitching for Amarillo ThunderHeads : LHP Michael Colin
|
Batting: RHB Joaquin Salazar
|
0-0: Ball 1-0: Ground out U3 (Groundball, 3, EV 87.5 MPH)
|
Batting: RHB Rich Griffith
|
0-0: Foul Ball, location: 2F 0-1: Foul Ball, location: 2F 0-2: Strikes out swinging
|
Batting: LHB Matt Hepburn
|
0-0: Ball 1-0: Ball 2-0: Foul Ball, location: 2F 2-1: Swinging Strike 2-2: SINGLE (Line Drive, 78M, EV 90.6 MPH)
|
Batting: RHB John Britton
|
0-0: Called Strike 0-1: Ball 1-1: Called Strike 1-2: Foul Ball, location: 2F 1-2: Fly out, F9 (Flyball, 89S, EV 91.2 MPH)
|
Top of the 2nd over - 0 runs, 1 hit, 0 errors, 1 left on base; Victoria 0 - Amarillo 1 |
BOTTOM OF THE 2ND |
Amarillo ThunderHeads batting - Pitching for Victoria Capitals : RHP Manny Ojeda
|
Batting: RHB Mario Gomez
|
0-0: Fly out, F7 (Flyball, 7D, EV 98.8 MPH)
|
Batting: RHB Shi-fu Cuan
|
0-0: SOLO HOME RUN (Flyball, 7D, EV 96.9 MPH), Distance : 358 ft
|
Batting: LHB Tony Cisneros
|
0-0: Ball 1-0: Called Strike 1-1: Swinging Strike 1-2: Ground out 6-3 (Groundball, 4M, EV 92.5 MPH)
|
Batting: RHB Ray Travis
|
0-0: Ball 1-0: DOUBLE (Line Drive, 89XD, EV 106.2 MPH)
|
Batting: RHB Zhong See-to
|
0-0: Fly out, F9 (Flyball, 9D, EV 79.4 MPH)
|
Bottom of the 2nd over - 1 run, 2 hits, 0 errors, 1 left on base; Victoria 0 - Amarillo 2 |
TOP OF THE 3RD |
Victoria Capitals batting - Pitching for Amarillo ThunderHeads : LHP Michael Colin
|
Batting: RHB Rowan Prince
|
0-0: Swinging Strike 0-1: Ball 1-1: Ball 2-1: Foul Ball, location: 2F 2-2: Fly out, F8 (Flyball, 8RD, EV 98.8 MPH)
|
Batting: RHB Kevin Harris
|
0-0: DOUBLE (Flyball, 89D, EV 90.6 MPH)
|
Batting: RHB Antonio Oyola
|
0-0: Ball 1-0: Foul Ball, location: 2F 1-1: Foul Ball, location: 2F 1-2: Foul Ball, location: 2F 1-2: Ball 2-2: Foul Ball, location: 2F 2-2: Ball Balk! Kevin Harris to third 3-2: Foul Ball, location: 2F 3-2: Foul Ball, location: 2F 3-2: SINGLE (Groundball, 56S, EV 67.5 MPH) (infield hit) Kevin Harris scores
|
Batting: RHB Tze-meng Li
|
0-0: Ball 1-0: Swinging Strike 1-1: Swinging Strike 1-2: Grounds into double play, 4-6-3 (Groundball, 4, EV 80.0 MPH)
|
Top of the 3rd over - 1 run, 2 hits, 0 errors, 0 left on base; Victoria 1 - Amarillo 2 |
BOTTOM OF THE 3RD |
Amarillo ThunderHeads batting - Pitching for Victoria Capitals : RHP Manny Ojeda
|
Batting: RHB Sam Voss
|
0-0: Ball 1-0: SINGLE (Flyball, 7LS, EV 92.5 MPH)
|
Batting: RHB Bill Flannery
|
0-0: Swinging Strike 0-1: Ball 1-1: Swinging Strike 1-2: Ball 2-2: Strikes out swinging
|
Batting: RHB Eric Camillo
|
0-0: Foul Ball, location: 2F 0-1: Ball 1-1: Ball Wild Pitch! Sam Voss to second 2-1: Fly out, F8 (Flyball, 8LD, EV 100.6 MPH)
|
Batting: RHB Josh Shoemaker
|
0-0: Called Strike 0-1: Ball 1-1: Ground out 5-3 (Groundball, 56S, EV 88.8 MPH)
|
Bottom of the 3rd over - 0 runs, 1 hit, 0 errors, 1 left on base; Victoria 1 - Amarillo 2 |
TOP OF THE 4TH |
Victoria Capitals batting - Pitching for Amarillo ThunderHeads : LHP Michael Colin
|
Batting: RHB Jwahir Pili
|
0-0: Ball 1-0: Ball 2-0: SINGLE (Flyball, 89S, EV 91.9 MPH)
|
Batting: RHB Joaquin Salazar
|
0-0: Ball 1-0: Called Strike 1-1: Foul Ball, location: 2F 1-2: Foul Ball, location: 2F 1-2: Strikes out swinging
|
Batting: RHB Rich Griffith
|
0-0: Called Strike Jwahir Pili steals 2nd base (no throw) 0-1: Ball 1-1: Swinging Strike 1-2: Foul Ball, location: 2F 1-2: Foul Ball, location: 2F 1-2: Ball 2-2: Ball 3-2: Strikes out swinging
|
Batting: LHB Matt Hepburn
|
0-0: Called Strike 0-1: SINGLE (Groundball, 56S, EV 68.8 MPH) (infield hit) Jwahir Pili to third
|
Batting: RHB John Britton
|
0-0: Ball 1-0: Swinging Strike 1-1: Foul Ball, location: 2F 1-2: Strikes out swinging
|
Top of the 4th over - 0 runs, 2 hits, 0 errors, 2 left on base; Victoria 1 - Amarillo 2 |
BOTTOM OF THE 4TH |
Amarillo ThunderHeads batting - Pitching for Victoria Capitals : RHP Manny Ojeda
|
Batting: RHB Mario Gomez
|
0-0: Ball 1-0: Foul Ball, location: 2F 1-1: Foul Ball, location: 2F 1-2: Foul Ball, location: 2F 1-2: SINGLE (Groundball, 56D, EV 100.6 MPH)
|
Batting: RHB Shi-fu Cuan
|
0-0: Ball 1-0: Fly out, F9 (Line Drive, 9, EV 110.0 MPH)
|
Batting: LHB Tony Cisneros
|
0-0: Ball 1-0: 2-RUN HOME RUN (Line Drive, 89XD, EV 96.9 MPH), Distance : 399 ft
|
Batting: RHB Ray Travis
|
0-0: Called Strike 0-1: Ball 1-1: Ball 2-1: Swinging Strike 2-2: Ball 3-2: Base on Balls
|
Batting: RHB Zhong See-to
|
0-0: Ball 1-0: Ball 2-0: Foul Ball, location: 2F 2-1: Foul Ball, location: 2F 2-2: Strikes out swinging
|
Batting: RHB Sam Voss
|
0-0: Swinging Strike 0-1: Foul Ball, location: 2F 0-2: Fly out, F5 (Line Drive, 56, EV 61.9 MPH)
|
Bottom of the 4th over - 2 runs, 2 hits, 0 errors, 1 left on base; Victoria 1 - Amarillo 4 |
TOP OF THE 5TH |
Victoria Capitals batting - Pitching for Amarillo ThunderHeads : LHP Michael Colin
|
Batting: RHB Rowan Prince
|
0-0: Ball 1-0: Swinging Strike 1-1: Foul Ball, location: 2F 1-2: Ball 2-2: Foul Ball, location: 2F 2-2: Strikes out looking
|
Batting: RHB Kevin Harris
|
0-0: Ball 1-0: Swinging Strike 1-1: Ball 2-1: Called Strike 2-2: Foul Ball, location: 2F 2-2: Strikes out swinging
|
Batting: RHB Antonio Oyola
|
0-0: Ball 1-0: Foul Ball, location: 2F 1-1: SINGLE (Groundball, 6D, EV 97.5 MPH)
|
Batting: RHB Tze-meng Li
|
0-0: Swinging Strike 0-1: Foul Ball, location: 2F 0-2: Ball 1-2: Ball 2-2: Ball 3-2: Strikes out swinging
|
Top of the 5th over - 0 runs, 1 hit, 0 errors, 1 left on base; Victoria 1 - Amarillo 4 |
BOTTOM OF THE 5TH |
Amarillo ThunderHeads batting - Pitching for Victoria Capitals : RHP Manny Ojeda
|
Batting: RHB Bill Flannery
|
0-0: Called Strike 0-1: Called Strike 0-2: Ball 1-2: Foul Ball, location: 2F 1-2: Ball 2-2: Ball 3-2: SINGLE (Line Drive, 5D, EV 98.1 MPH)
|
Batting: RHB Eric Camillo
|
0-0: Fly out, F7 (Flyball, 7LS, EV 90.6 MPH)
|
Batting: RHB Josh Shoemaker
|
0-0: Ball 1-0: Called Strike 1-1: Ball 2-1: Ball 3-1: Foul Ball, location: 2F 3-2: Base on Balls Bill Flannery to second
|
Batting: RHB Mario Gomez
|
0-0: Foul Ball, location: 2F 0-1: Ball 1-1: Foul Ball, location: 2F 1-2: Ball 2-2: Foul Ball, location: 2F 2-2: Foul Ball, location: 2F 2-2: Ball 3-2: SINGLE (Flyball, 9S, EV 88.1 MPH) Bill Flannery to third Josh Shoemaker to second
|
Batting: RHB Shi-fu Cuan
|
0-0: Called Strike 0-1: SINGLE (Groundball, 4MD, EV 100.0 MPH) Bill Flannery scores Josh Shoemaker to third Mario Gomez to second
|
Batting: LHB Tony Cisneros
|
0-0: Called Strike 0-1: Grounds into fielders choice U2 (Groundball, 2L, EV 64.4 MPH) Mario Gomez to third Shi-fu Cuan to second
|
Batting: RHB Ray Travis
|
0-0: Ball 1-0: Ball 2-0: Ball 3-0: Foul Ball, location: 2F 3-1: GRAND SLAM HOME RUN (Flyball, 89XD, EV 100.6 MPH), Distance : 397 ft
|
Pitching: RHP Lorenzo Gutierrez
|
|
Batting: RHB Eric Juarez
|
0-0: Called Strike 0-1: Ball 1-1: Swinging Strike 1-2: Ball 2-2: Ground out 6-3 (Groundball, 6M, EV 85.0 MPH)
|
Bottom of the 5th over - 5 runs, 4 hits, 0 errors, 0 left on base; Victoria 1 - Amarillo 9 |
TOP OF THE 6TH |
Victoria Capitals batting - Pitching for Amarillo ThunderHeads : LHP Michael Colin
|
Batting: RHB Jwahir Pili
|
0-0: Called Strike 0-1: Called Strike 0-2: Ball 1-2: Strikes out swinging
|
Batting: RHB Joaquin Salazar
|
0-0: Fly out, F9 (Flyball, 9, EV 79.4 MPH)
|
Batting: RHB Rich Griffith
|
0-0: Ball 1-0: Foul Ball, location: 2F 1-1: Swinging Strike 1-2: Strikes out swinging
|
Top of the 6th over - 0 runs, 0 hits, 0 errors, 0 left on base; Victoria 1 - Amarillo 9 |
BOTTOM OF THE 6TH |
Amarillo ThunderHeads batting - Pitching for Victoria Capitals : RHP Lorenzo Gutierrez
|
Batting: RHB Sam Voss
|
0-0: Called Strike 0-1: Called Strike 0-2: Ball 1-2: Ball 2-2: Strikes out swinging
|
Batting: RHB Bill Flannery
|
0-0: Ball 1-0: Ball 2-0: Ball 3-0: Called Strike 3-1: Fly out, F9 (Flyball, 9LD, EV 99.4 MPH)
|
Batting: RHB Eric Camillo
|
0-0: SINGLE (Line Drive, 8RS, EV 106.9 MPH)
|
Batting: RHB Josh Shoemaker
|
0-0: Ball 1-0: Ball 2-0: Ball 3-0: Base on Balls Eric Camillo to second
|
Batting: RHB Mario Gomez
|
0-0: Ball 1-0: Fielders Choice at 2nd, 5-4 (Groundball, 56, EV 85.6 MPH)
|
Bottom of the 6th over - 0 runs, 1 hit, 0 errors, 2 left on base; Victoria 1 - Amarillo 9 |
TOP OF THE 7TH |
Victoria Capitals batting - Pitching for Amarillo ThunderHeads : LHP Michael Colin
|
Pitching: LHP Zach Harris
|
|
Pinch Hitting: SHB Dave Reynoso
|
0-0: Called Strike 0-1: Ball 1-1: Ball 2-1: Foul Ball, location: 2F 2-2: Strikes out swinging
|
Batting: RHB John Britton
|
0-0: Foul Ball, location: 2F 0-1: Swinging Strike 0-2: Foul Ball, location: 2F 0-2: Strikes out looking
|
Batting: RHB Rowan Prince
|
0-0: Ball 1-0: Ball 2-0: Called Strike 2-1: Ball 3-1: Base on Balls
|
Batting: RHB Kevin Harris
|
0-0: Called Strike 0-1: Called Strike 0-2: Ball 1-2: Ball 2-2: Ball 3-2: Strikes out swinging
|
Top of the 7th over - 0 runs, 0 hits, 0 errors, 1 left on base; Victoria 1 - Amarillo 9 |
BOTTOM OF THE 7TH |
Amarillo ThunderHeads batting - Pitching for Victoria Capitals : RHP Lorenzo Gutierrez
|
Pitching: RHP Dave Williams
|
|
Now at SS: Dave Reynoso
|
|
Now in RF: John Britton
|
|
Batting: RHB Shi-fu Cuan
|
0-0: Ball 1-0: DOUBLE (Groundball, 5L, EV 100.6 MPH)
|
Batting: LHB Tony Cisneros
|
0-0: Foul Ball, location: 2F 0-1: Ball 1-1: Ball 2-1: Fly out, F5 (Line Drive, 5, EV 65.0 MPH)
|
Batting: RHB Ray Travis
|
0-0: Ball 1-0: Called Strike 1-1: Foul Ball, location: 2F 1-2: Strikes out looking
|
Batting: RHB Eric Juarez
|
0-0: Ball Wild Pitch! Shi-fu Cuan to third 1-0: Called Strike 1-1: Foul Ball, location: 2F 1-2: Strikes out swinging
|
Bottom of the 7th over - 0 runs, 1 hit, 0 errors, 1 left on base; Victoria 1 - Amarillo 9 |
TOP OF THE 8TH |
Victoria Capitals batting - Pitching for Amarillo ThunderHeads : LHP Zach Harris
|
Pinch Hitting: LHB Adam Lupfer
|
0-0: Ball 1-0: Fly out, F9 (Flyball, 9D, EV 75.0 MPH)
|
Batting: RHB Tze-meng Li
|
0-0: Ball 1-0: Ball 2-0: Fly out, F1 (Line Drive, P, EV 70.6 MPH)
|
Batting: RHB Jwahir Pili
|
0-0: Ball 1-0: Called Strike 1-1: Swinging Strike 1-2: Strikes out looking
|
Top of the 8th over - 0 runs, 0 hits, 0 errors, 0 left on base; Victoria 1 - Amarillo 9 |
BOTTOM OF THE 8TH |
Amarillo ThunderHeads batting - Pitching for Victoria Capitals : RHP Dave Williams
|
Now in LF: Adam Lupfer
|
|
Batting: RHB Sam Voss
|
0-0: Called Strike 0-1: Called Strike 0-2: SINGLE (Line Drive, 8LS, EV 98.1 MPH)
|
Batting: RHB Bill Flannery
|
0-0: SINGLE (Groundball, 6M, EV 103.1 MPH) (infield hit) Sam Voss to second
|
Batting: RHB Eric Camillo
|
0-0: Called Strike 0-1: Ball 1-1: Swinging Strike 1-2: Strikes out swinging
|
Batting: RHB Josh Shoemaker
|
0-0: Called Strike 0-1: Ball 1-1: Foul Ball, location: 2F 1-2: Strikes out swinging
|
Pitching: RHP Daniel Villalobos
|
|
Batting: RHB Mario Gomez
|
0-0: Ball 1-0: Called Strike 1-1: Fly out, F8 (Flyball, 8RD, EV 98.1 MPH)
|
Bottom of the 8th over - 0 runs, 2 hits, 0 errors, 2 left on base; Victoria 1 - Amarillo 9 |
TOP OF THE 9TH |
Victoria Capitals batting - Pitching for Amarillo ThunderHeads : LHP Zach Harris
|
Pinch Hitting: RHB Jose Zuniga
|
0-0: Swinging Strike 0-1: Called Strike 0-2: Ball 1-2: Strikes out swinging
|
Pinch Hitting: LHB William Gonzales
|
0-0: Called Strike 0-1: Swinging Strike 0-2: Foul Ball, location: 2F 0-2: Ball 1-2: Fly out, F7 (Flyball, 78M, EV 95.6 MPH)
|
Batting: SHB Dave Reynoso
|
0-0: Fly out, F7 (Flyball, 7, EV 90.0 MPH)
|
Top of the 9th over - 0 runs, 0 hits, 0 errors, 0 left on base; Victoria 1 - Amarillo 9 |
|